← All builds
Tech / Armada / Economy first / OBSERVED BUILD

Standard tech

Armada Tech (Eco) build order · Supreme Isthmus

Rushes T2 factory and T2 constructor to supply the team, upgrading mexes first and sending the first T2 constructor to Geo before scaling its own eco.

Usually first T2 con to Geo (82%)

#eco #t2 #team support · 1779 distinct matches · 271 players · 59% of Armada Tech games · team won 54% of 2103 · Recently observed

HOW TO PLAY IT

Key timing: T2 factory by 4:15

  1. Open 3 mex and heavy wind to fund a fast T2 rush.
  2. Put down Bot Lab, planning to eat it for reclaim soon after.
  3. Get Advanced Bot Lab up, hitting the T2 factory rush timing.
  4. Upgrade mex to Advanced Metal Extractor to lock in team metal income.
  5. Eat Advanced Bot Lab and keep sending cons to Geo and Pond.

Phase by phase

TYPICAL OF ITS 1779 GAMES
  1. 1
  2. 2
  3. 3
  4. 4
PLAY THE OPENING

Follow the example game's first 6:00 step by step: what to build now, what comes next, and where it goes. At 1× it keeps pace with your own game.

  1. 1

    Up to the Bot Lab

    Economy
    • Metal Extractor3Mex
    • Wind Turbine4Wind
    Order
    1. Bot LabBot Lab after 3 mex, 4 winddone ~1:18, middle half 1:13–1:32

    Some games also: energy storage (32%)

    By 1:01 in all: 3 mex · 4 wind

    The example game in this phase · 4 steps
    1. Mex ×3
    2. Wind
    3. Solar
    4. Bot LabBot Labdone 1:06 · typical 1:18
  2. 2

    Bot Lab to Advanced Bot Lab

    Economy
    • Metal Extractor1Mex
    • Wind Turbine8Wind
    • Energy Storage1Energy storage
    Order
    1. Advanced Bot LabAdvanced Bot Lab after 4 mex, 12 wind, 3 con turretdone ~4:16, middle half 4:04–4:30
    Builders
    • Construction Turret3 Con turret
    • Lazarus3 Lazarus
    • Construction Bot2 Con bot
    • Construction Bot1 Con bot for allies

    Some games also: converter (36%)

    By 3:18 in all: 4 mex · 12 wind · 1 energy storage · 3 con turret

    The example game in this phase · 13 steps
    1. Construction BotCon bot
    2. Wind ×3
    3. LazarusLazarus
    4. Wind
    5. Con turret
    6. Wind
    7. LazarusLazarus
    8. Wind
    9. Mex
    10. Wind
    11. LazarusLazarus ×2
    12. Converter ×3
    13. Advanced Bot LabAdvanced Bot Labdone 4:10 · typical 4:16
  3. 3

    Advanced Bot Lab to 5:00

    Economy
    • Wind Turbine3Wind
    Order
    1. Bot LabEat Bot Lab
    Builders
    • Advanced Construction Bot1 T2 con bot for allies

    Some games also: converter (35%)

    By 5:00 in all: 4 mex · 15 wind · 1 converter · 1 energy storage · 3 con turret

    The example game in this phase · 7 steps
    1. Converter
    2. Bot LabEat Bot Labreclaimed for its metal
    3. Converter ×3
    4. Advanced Construction BotT2 con botfor Geo
    5. ButlerButler
    6. Advanced Construction BotT2 con botfor Air
    7. Advanced Metal ExtractorT2 mexdone 5:11 · typical 5:28
  4. 4

    5:00 to 10:00

    Economy
    • Wind Turbine43Wind
    • Energy Converter6Converter
    Builders
    • Butler9 Butler
    • Advanced Construction Bot4 T2 con bot for allies
    • Advanced Construction Bot1 T2 con bot

    Some games also: con turret (42%) · Butler for allies (36%)

    By 10:00 in all: 4 mex · 59 wind · 8 converter · 1 energy storage · 3 con turret

    The example game in this phase · 235 steps
    1. Advanced Construction BotT2 con botfor Pond
    2. Wind ×2
    3. Advanced Metal ExtractorT2 mex
    4. Wind
    5. Advanced Metal ExtractorT2 mex
    6. ButlerButler
    7. Wind
    8. Advanced Metal ExtractorT2 mex
    9. ButlerButler
    10. Wind
    11. ButlerButler
    12. Energy storage
    13. Wind ×2
    14. ButlerButlerfor Beach sea
    15. Wind ×2
    16. Advanced Construction BotT2 con botfor Beach sea
    17. Con turret
    18. Wind ×3
    19. ButlerButlerfor Beach sea
    20. Wind ×2
    21. Con turret
    22. ButlerButler
    23. Wind ×3
    24. ButlerButler
    25. Wind ×3
    26. Con turret
    27. Wind
    28. ButlerButler
    29. Converter
    30. Wind ×4
    31. ButlerButler
    32. Wind ×2
    33. Converter
    34. Wind
    35. ButlerButler
    36. Advanced Construction BotT2 con botfor Geo sea
    37. Wind
    38. Converter
    39. Wind ×2
    40. ButlerButler
    41. Wind
    42. Converter
    43. Wind
    44. ButlerButler
    45. Wind
    46. Converter
    47. Wind
    48. ButlerButler
    49. Wind
    50. Converter
    51. Wind ×2
    52. ButlerButler
    53. Wind
    54. Converter
    55. Wind
    56. ButlerButler
    57. Wind ×3
    58. Converter
    59. Wind ×5
    60. ButlerButler
    61. Wind
    62. Converter
    63. Wind ×10
    64. ButlerButler
    65. Wind ×2
    66. Converter
    67. Wind ×7
    68. ButlerButler
    69. Wind ×2
    70. Converter
    71. Wind ×7
    72. ButlerButler
    73. Wind ×3
    74. Converter
    75. Wind ×6
    76. ButlerButler
    77. Wind ×3
    78. Converter
    79. Wind
    80. Advanced Construction BotT2 con bot
    81. Wind ×11
    82. Converter
    83. Wind ×4
    84. ButlerButler
    85. Wind
    86. Converter
    87. Wind ×4
    88. Converter ×2
    89. Wind ×3
    90. ButlerButler
    91. Wind
    92. Converter
    93. Wind ×5
    94. Converter ×2
    95. Wind
    96. ButlerButler
    97. Wind ×2
    98. Converter
    99. Wind ×4
    100. Advanced Metal ExtractorT2 mex
    101. Wind
    102. Converter
    103. Wind
    104. Converter
    105. Wind ×5
    106. ButlerButler
    107. Converter
    108. Wind ×4
    109. Converter
    110. ButlerButler
    111. Converter
    112. Wind ×3
    113. Converter
    114. Wind ×3
    115. Aircraft PlantAircraft Plantdone 11:06
    116. Wind ×2
    117. Converter ×2
    118. Wind ×6
    119. Converter ×2
    120. Wind ×6
    121. CenturionCenturion
    122. Converter
    123. Advanced Bot LabEat Advanced Bot Labreclaimed for its metal
    124. Construction AircraftCon aircraft
    125. Converter
    126. Wind ×8
    127. Converter
    128. Advanced Aircraft PlantAdvanced Aircraft Plantdone 11:39
    129. Wind ×4
    130. Converter
    131. Wind ×6
    132. Converter
    133. Advanced Metal ExtractorT2 mex
    134. Wind ×9
    135. Converter
    136. Wind ×8
    137. AbductorAbductor
    138. Wind ×3
    139. Con turret
    140. Wind
    141. Converter
    142. Wind ×5
    143. Con turret
    144. Wind ×3
    145. Con turret
    146. Wind ×6
    147. Converter
    148. OracleOraclefor Air
    149. Wind ×7
    150. Advanced Geothermal PowerplantAdvanced Geothermal Powerplantdone 13:35
    151. Wind ×2
    152. HighwindHighwindfor Air
    153. Wind ×2
    154. Converter
    155. Wind ×10
    156. HighwindHighwindfor Air
    157. Converter
    158. Wind ×7
    159. Aircraft PlantEat Aircraft Plantreclaimed for its metal
    160. Con turret
    161. Wind ×4
    162. Converter
    163. Wind ×3
    164. Con turret
    165. HighwindHighwindfor Air
    166. Wind ×7
    167. Converter
    168. Wind ×11
    169. Converter
    170. Wind ×4
    171. Con turret
    172. Wind ×6
    173. Converter
    174. Wind ×3
    175. HighwindHighwindfor Air
    176. Wind ×8
    177. Converter
    178. Wind
    179. Con turret
    180. Wind ×5
    181. HighwindHighwindfor Air
    182. Wind ×4
    183. Converter
    184. Con turret
    185. Wind ×5
    186. HighwindHighwind
    187. Wind
    188. Con turret
    189. Wind ×5
    190. Converter
    191. Wind ×3
    192. Con turret
    193. Wind ×5
    194. Converter
    195. Wind ×2
    196. HighwindHighwind
    197. Con turret
    198. Converter
    199. Wind ×5
    200. Converter
    201. Wind ×2
    202. HighwindHighwind
    203. Wind ×4
    204. Converter
    205. Wind
    206. LicheLichefor Airdone 14:08
    207. Converter
    208. Wind
    209. Converter
    210. Wind ×5
    211. Converter
    212. Con turret
    213. Wind ×6
    214. Converter
    215. Wind ×2
    216. Converter
    217. Wind ×7
    218. Converter
    219. Wind ×5
    220. Converter
    221. Wind ×5
    222. Converter
    223. Wind
    224. Converter
    225. Wind ×4
    226. LicheLichefor Air
    227. Wind
    228. Converter
    229. Wind ×8
    230. Converter
    231. Wind ×10
    232. Converter
    233. HighwindHighwind
    234. Wind ×3
    235. HighwindHighwind

Counts are medians over the build's games: half of them build more, half fewer. The example game is Uncle_Cane's (38 OS, 15/10/2026); pick another.

Team trades

IN AT LEAST 30% OF ITS GAMES

You hand over

  • Construction Bot1 Con bot to Airfirst at 2:23 · in 83% of games
  • Advanced Construction Bot5 T2 con bot to Air or Pond or Geo seafirst at 4:51 · in 99% of games
  • Butler2 Butler to Geo sea or Beach sea or Pondfirst at 9:06 · in 42% of games

You get

  • Hercules1 Light transport from Airfirst at 4:01 · in 86% of games

How it plays out

Typical game of this build, running totals by minute

Metal produced

020k40k
0:005:0010:0015:00

metal

Enemy metal destroyed

050100
0:005:0010:0015:00

metal

Own metal lost

050100150
0:005:0010:0015:00

metal

2103 games.

Show as table
ByMetal produced: This buildEnemy metal destroyed: This buildOwn metal lost: This build
1:0038300
2:0091500
3:00165500
4:00314800
5:00484700
6:00580500
7:00724700
8:00908400
9:001121800
10:001354500
11:001626000
12:001967800
13:002346800
14:0027372074
15:003159093130
WHAT THE NUMBERS SAY

Standard Tech play barely fights at all early, instead pouring metal into T2 infrastructure and constructors for the team.

  • + Metal produced hits 31679 by 15:00, by far the highest of any role here.
  • + T2 factory reached in 97% of games by 4:15, fastest and most reliable T2 timing.
  • − Enemy metal destroyed stays at 0 through 10:00, no early offense at all.
  • − Own metal lost also near 0, showing total avoidance of combat risk.
THE EXAMPLE YOU ARE READING

Uncle_Cane

37.5 OS · 15/10/2026

Open source match ↗

44 received units · includes a constructor
4446 metal received · 69367 energy received

Allied construction assistance is unknown. Timings are observations, not a promise of solo reproducibility.

Typical milestones

Bot Lab1:18Middle 50%: 1:13–1:32 · n=2103
Advanced Bot Lab4:16Middle 50%: 4:04–4:30 · n=2096
Advanced Metal Extractor5:28Middle 50%: 5:05–5:58 · n=2099

Played most by

Amrissa97games of this buildTheGeneraI70games of this buildAdeus62games of this buildUncle_Cane60games of this buildCrouxy54games of this build